 Dungeon Sprint DCSS version 0.19.0-19-g8c6edcc (webtiles) character file.

1815 poirepourri the Earth Mage (level 9, -1/47 HPs)
             Began as a Gargoyle Earth Elementalist on Nov 12, 2016.
             Was a Believer of Vehumet.
             Slain by a deep troll (5 damage)
             ... in the Dungeon (Sprint I: "Red Sonja").
             The game lasted 00:02:06 (1263 turns).

poirepourri the Earth Mage (GrEE)                   Turns: 1263, Time: 00:02:06

Health: -1/47      AC:  7    Str: 13    XL:     9   Next: 10%
Magic:  12/24      EV: 13    Int: 17    God:    Vehumet [**....]
Gold:   317        SH:  0    Dex: 11    Spells: 7 memorised, 14 levels left

rFire  . . .     SeeInvis .     b - 4 stones
rCold  . . .     Gourm    .     c - +0 robe
rNeg   + . .     Faith    .     (no shield)
rPois  ∞         Spirit   .     (no helmet)
rElec  +         Reflect  .     (no cloak)
rCorr  .         Harm     .     (no gloves)
MR     .....     NoTele   +     (no boots)
Stlth  ++........               (no amulet)
                                (no ring)
                                (no ring)

@: hasted, very quick
A: negative energy resistance 1, electricity resistance, unbreathing,
petrification resistance, rot immunity, AC +5
a: Renounce Religion


You were in the Dungeon.
You worshipped Vehumet.
Vehumet was pleased with you.
You were not hungry.

You visited 1 branch You collected 526 gold pieces.
You spent 209 gold pieces at shops.

Inventory:

Missiles
 b - 4 stones (in hand)
 l - a throwing net
Armour
 c - a +0 robe (worn)
Potions
 a - a potion of degeneration {unknown}
 e - a potion of curing
 h - a potion of magic
 i - a potion of berserk rage
 j - a potion of might {unknown}
Books
 k - a book of Geomancy

   Spells                             Type                      Level
   a - Sandblast                      Earth                        1
   b - Passwall                       Transmutation/Earth          2
   c - Stone Arrow                    Conjuration/Earth            3
   d - Petrify                        Transmutation/Earth          4
   e - Lee's Rapid Deconstruction     Earth                        5
Comestibles
 d - a bread ration
 m - 2 meat rations
 n - 2 royal jellies


   Skills:
 - Level 1.0 Fighting
 + Level 4.3 Dodging
 - Level 3.6 Stealth
 + Level 11.8 Spellcasting
 + Level 3.5 Conjurations
 + Level 1.5 Transmutations
 + Level 15.6 Earth Magic


You had 14 spell levels left.
You knew the following spells:

 Your Spells              Type           Power        Failure   Level  Hunger
a - Sandblast             Erth           ######       0%          1    None
b - Passwall              Tmut/Erth      #####.....   1%          2    None
c - Stone Arrow           Conj/Erth      #####.       1%          3    None
d - Petrify               Tmut/Erth      #####...     1%          4    ##.....
e - Lee's Rapid Deconstr  Erth           ######....   1%          5    ####...
f - Magic Dart            Conj           ###.         1%          1    None
g - Flame Tongue          Conj/Fire      ###..        3%          1    None


Dungeon Overview and Level Annotations

Branches:
Dungeon (1/1)

Altars:
Cheibriados
Dithmenos
Elyvilon
Fedhas
Gozag
Hepliaklqana
Kikubaaqudgha
Makhleb
Nemelex Xobeh
Okawaru
Qazlal
Ru
Sif Muna
Trog
Uskayaw
Vehumet
Xom
Yredelemnul
Zin
The Shining One
Jiyva
Lugonu

Shops:
D %(


Innate Abilities, Weirdness & Mutations

You are resistant to torment.
Your stone body is resilient. (AC +5)
You are immune to poison.
You resist negative energy. (rN+)
You are resistant to electric shocks. (rElec)
You can survive without breathing.
You are immune to petrification.
You are immune to rotting.


Message History

The deep troll claws you!
You feel much better. The deep troll closely misses you.
The deep troll barely misses you. The deep troll claws you!
Casting: Stone Arrow
Confirm with . or Enter, or press ? or * to list all spells.
Aiming: Sandblast
Press: ? - help, Shift-Dir - straight line, f - deep troll
Aim: a deep troll (moderately wounded)
The rocky blast hits the deep troll.
The deep troll is heavily wounded.
The deep troll bites you! The deep troll claws you!
* * * LOW HITPOINT WARNING * * *
The deep troll claws you!
* * * LOW HITPOINT WARNING * * *
Okay, then.
Okay, then.
You feel yourself speed up. The deep troll closely misses you.
The deep troll claws you but does no damage.
The deep troll claws you.
You die...

#..#####'#####'#__####...+
#..####..#...#.#### #####
#..#__####..##.#
#..#_____##'#..+
#⌠⌠#_.∩...'.(._#
####_..__##_.#'# +#
#_____###'#[#[[
############.##.#+###
#∩........'.@T'$$.$$+
###++++####.).#######
##.## #+#


You could see a deep troll.

Vanquished Creatures
  Sonja (D)
  2 kobold demonologists (D)
  A slime creature (D)
  Sigmund (D)
  A yak (D)
  A floating eye (D)
  An ogre (D)
  A jelly (D)
  Ijyb (D)
10 creatures vanquished.

Notes
Turn   | Place    | Note
-------+----------+-------------------------------------------
     0 | D        | poirepourri the Gargoyle Earth Elementalist began the quest for the Orb.
     0 | D        | Reached XP level 1. HP: 10/10 MP: 3/3
     3 | D        | Noticed Ijyb
    10 | D        | Killed Ijyb
    10 | D        | Reached skill level 6 in Earth Magic
    10 | D        | Reached XP level 2. HP: 12/15 MP: 1/6
    10 | D        | Reached XP level 3. HP: 15/19 MP: 1/7
   124 | D        | Noticed an ogre
   128 | D        | Killed an ogre
   128 | D        | Reached skill level 9 in Earth Magic
   128 | D        | Reached XP level 4. HP: 24/24 MP: 3/10
   274 | D        | Noticed Sigmund
   282 | D        | Killed Sigmund
   282 | D        | Reached skill level 11 in Earth Magic
   282 | D        | Reached XP level 5. HP: 22/28 MP: 3/14
   282 | D        | Reached XP level 6. HP: 26/33 MP: 3/16
   427 | D        | Learned a level 2 spell: Passwall
   431 | D        | Learned a level 3 spell: Stone Arrow
   436 | D        | Learned a level 4 spell: Petrify
   442 | D        | Learned a level 5 spell: Lee's Rapid Deconstruction
   453 | D        | Found a deep blue altar of Sif Muna.
   455 | D        | Found a radiant altar of Vehumet.
   492 | D        | Became a worshipper of Vehumet
   494 | D        | Found Jorro's Weapon Emporium.
   494 | D        | Found an ancient bone altar of Kikubaaqudgha.
   494 | D        | Found a hazy altar of Hepliaklqana.
   494 | D        | Found a stormy altar of Qazlal.
   494 | D        | Found a hide-covered altar of Uskayaw.
   494 | D        | Found a blossoming altar of Fedhas.
   494 | D        | Found a bloodstained altar of Trog.
   494 | D        | Found an iron altar of Okawaru.
   494 | D        | Found a basalt altar of Yredelemnul.
   494 | D        | Found a glowing golden altar of the Shining One.
   494 | D        | Found a snail-covered altar of Cheibriados.
   494 | D        | Found a sacrificial altar of Ru.
   494 | D        | Found a glowing silver altar of Zin.
   494 | D        | Found a shadowy altar of Dithmenos.
   494 | D        | Found a white marble altar of Elyvilon.
   494 | D        | Noticed a yak
   504 | D        | Killed a yak
   504 | D        | Reached skill level 1 in Fighting
   504 | D        | Reached skill level 12 in Earth Magic
   504 | D        | Reached XP level 7. HP: 10/38 MP: 2/19
   731 | D        | Found an opulent altar of Gozag.
   732 | D        | Found a sparkling altar of Nemelex Xobeh.
   838 | D        | Noticed Sonja
   841 | D        | Killed Sonja
   841 | D        | Reached skill level 10 in Spellcasting
   841 | D        | Reached skill level 1 in Transmutations
   841 | D        | Reached skill level 14 in Earth Magic
   841 | D        | Reached XP level 8. HP: 43/43 MP: 10/22
   910 | D        | Found Xianivume's Food Boutique.
   921 | D        | Bought a meat ration for 55 gold pieces
   921 | D        | Bought a meat ration for 55 gold pieces
   921 | D        | Bought a bread ration for 55 gold pieces
   921 | D        | Bought a royal jelly for 22 gold pieces
   921 | D        | Bought a royal jelly for 22 gold pieces
   943 | D        | Found a burning altar of Makhleb.
   943 | D        | Found a viscous altar of Jiyva.
   943 | D        | Found a shimmering altar of Xom.
   943 | D        | Found a corrupted altar of Lugonu.
   943 | D        | Noticed a slime creature
   947 | D        | Killed a slime creature
   947 | D        | Reached * piety under Vehumet
   947 | D        | Offered knowledge of Magic Dart by Vehumet.
   950 | D        | Learned a level 1 spell: Magic Dart
  1078 | D        | Noticed a kobold demonologist
  1080 | D        | Noticed a kobold demonologist
  1080 | D        | Killed a kobold demonologist
  1080 | D        | Reached skill level 15 in Earth Magic
  1084 | D        | Killed a kobold demonologist
  1084 | D        | Offered knowledge of Flame Tongue by Vehumet.
  1084 | D        | Reached ** piety under Vehumet
  1084 | D        | Reached XP level 9. HP: 47/47 MP: 6/24
  1087 | D        | Learned a level 1 spell: Flame Tongue
  1255 | D        | Noticed a deep troll
  1263 | D        | Slain by a deep troll

Skill      XL: |  1  2  3  4  5  6  7  8 |
---------------+-------------------------+-----
Dodging        | 2 3 4 |  4.3
Spellcasting   | 3 4 7 8 10 11 | 11.8
Earth Magic    | 6 9 11 12 14 15 | 15.6
Stealth        | 3 |  3.6
Fighting       | 1 |  1.0
Conjurations   | 2 3 |  3.5
Transmutations | 1 |  1.5

Action                   |  1- 3 |  4- 6 |  7- 9 || total
-------------------------+-------+-------+-------++-------
 Cast: Sandblast         |     8 |    14 |     7 ||    29
       Stone Arrow       |       |     4 |     9 ||    13
       Lee's Rapid Decon |       |       |     3 ||     3
  Use: Potion            |     1 |       |     2 ||     3
       Scroll            |       |     1 |     1 ||     2
  Eat: Bread ration      |       |       |     1 ||     1
Armor: Robe              |       |       |     4 ||     4
Dodge: Dodged            |     3 |     7 |     8 ||    18
